 Dungeon Crawl Stone Soup version 0.31-a0-430-gf8416d752b (webtiles) character file.

Game seed: 5857936875514732773

4 Ethylacetat the Ruffian (level 1, -1/10 HPs)
             Began as a Vine Stalker Shapeshifter on July 31, 2023.
             Slain by a goblin
             ... wielding a +0 dagger
              (3 damage)
             ... on level 1 of the Dungeon.
             The game lasted 00:00:14 (152 turns).

Ethylacetat the Ruffian (Vine Stalker Shapeshifter)  Turns: 152, Time: 00:00:15

Health: -1/10      AC:  2    Str: 17    XL:     1   Next: 70%
Magic:  0/2        EV: 12    Int:  8    God:
Gold:   9          SH:  0    Dex: 14    Spells: 0/0 levels left

rFire   . .          .
                       - Unarmed
rCold   . . .        (no shield)
rNeg    . . .        a - +0 animal skin
rPois   .            (helmet currently unavailable)
rElec   .            (cloak currently unavailable)
rCorr   .            (gloves currently unavailable)
SInv    .            (boots currently unavailable)
Will    .....        (no amulet)
Stlth   +            (no ring)
HPRegen 0.21/turn    (no ring)
MPRegen 0.08/turn

%: guardian spirit
@: beast-form
A: beast (slay +2), fangs 2, magic shield, antimagic bite, no potion heal 2
a: Begin Untransformation


You were on level 1 of the Dungeon.
You were a hulking beast.
You visited 1 branch of the dungeon, and saw 1 of its levels.

You collected 9 gold pieces.

Inventory:

Armour
 a - a +0 animal skin (worn)
Talismans
 c - a beast talisman (active)
Scrolls
 d - a scroll of revelation {unknown}
Potions
 b - a potion of lignification


   Skills:
 + Level 1.0 Fighting
 + Level 1.6 Dodging
 + Level 3.0 Unarmed Combat
 + Level 3.0 Shapeshifting


You couldn't memorise any spells.
You didn't know any spells.
Your spell library was empty.

Dungeon Overview and Level Annotations

Branches:
Dungeon (1/15)

Altars:


Innate Abilities, Weirdness & Mutations

You are a hulking beast.
Your limbs bulge with bestial killing power. (Slay +2)
You have extremely sharp teeth.
When hurt, damage is shared between your health and your magic reserves.
Your bite disrupts and absorbs the magic of your enemies.
Potions cannot restore your health.


Message History

You see here 9 gold pieces.
The frilled lizard bites you.
A frilled lizard is nearby!
You punch the frilled lizard!
You kill the frilled lizard!
You now have 9 gold pieces.
You see here a frilled lizard corpse.
You open the door.
There is an open door here.
Key pressed, stopping explore.
No target in view!
No target in view!
No target in view!
An endoplasm comes into view.
A goblin comes into view. It is wielding a +0 dagger.
Found 2 bubbling sapphire potions.
There are monsters nearby!
Found 6 boomerangs.
The goblin shouts!
The endoplasm quivers.
A bat comes into view.
There are monsters nearby!
A bat comes into view.
A goblin comes into view. It is wielding a +0 dagger.
The bat moves out of view.
The bat barely misses you. The endoplasm hits you.
You see here a scroll labelled MAL SOYVEPHAA.
You miss the bat.
The goblin shouts!
The bat hits you but does no damage.
The endoplasm hits you but does no damage.
You closely miss the goblin. The bat barely misses you.
The goblin hits you with a +0 dagger. The endoplasm hits you.
* * * LOW HITPOINT WARNING * * *
You are too injured to fight recklessly!
You are too injured to fight recklessly!
You closely miss the goblin. Your bite misses the goblin. The bat hits you.
* * * LOW HITPOINT WARNING * * *
The bat hits you but does no damage. The goblin hits you with a +0 dagger.
You die...

####
#######..#.#
...##
#.'..#.#
##..#
#..##..#.#
##.## ##
#..#.#
####.###.##
#..#.##
#<#.......#
#..#..####
#...####...#
#........#
#.### ..
#........#
..#
#bh!......
#..
#bgJ.....#
.#.
#........! #
##
###...g...
.......
......(
.......
.#...##


You could see an endoplasm, 2 goblins and 2 bats.

Vanquished Creatures
  A dart slug (D:1)
  A bat (D:1)
  A frilled lizard (D:1)
  A rat (D:1)
4 creatures vanquished.

Notes
Turn   | Place    | Note
-------+----------+-------------------------------------------
     0 | D:1      | Ethylacetat the Vine Stalker Shapeshifter began the quest
                  | for the Orb.
     0 | D:1      | Reached XP level 1. HP: 9/9 MP: 2/2
    11 | D:1      | Found a faded altar of an unknown god.
    36 | D:1      | Reached skill level 1 in Fighting
   152 | D:1      | Slain by a goblin

Illustrated notes

Levels and vault maps discovered:
D:1:      dpeg_arrival_round_a, layout_rooms, chequers_ecumenical_altar_simple,
          serial_forest, infiniplex_forest_straight_1,
          infiniplex_forest_clump_double, infiniplex_forest_clump_curved,
          infiniplex_forest_straight_5, infiniplex_forest_lined_ring,
          infiniplex_forest_straight_4, infiniplex_forest_lined_2,
          infiniplex_forest_lined_2, infiniplex_forest_straight_4,
          infiniplex_forest_clump_large, minmay_pentomino_v4

Skill      XL: |  1 |
---------------+----+-----
Fighting       | 1 |  1.0
Dodging        | |  1.6
Unarmed Combat | |  3.0
Shapeshifting  | |  3.0

Action                     || total
---------------------------++-------
  Melee: Unarmed           ||    13
         Bite              ||     3
 Armour: Animal skin       ||     6
  Dodge: Dodged            ||     7

Table legend: (Time is in decaauts)
 A = Elapsed time spent in this place.
 B = Non-inter-level travel time spent in this place.
 C = Inter-level travel time spent in this place.
 D = Time resting spent in this place.
 E = Time spent auto-exploring this place.
 F = Levels seen in this place.
 G = Mean time per level.
                   A        B        C        D        E       F      G
               +--------+--------+--------+--------+--------+-----+--------+
         Total |    151 |    151 |      0 |      0 |    118 |   1 |  151.0 |
       Dungeon |    151 |    151 |      0 |      0 |    118 |   1 |  151.0 |
               +--------+--------+--------+--------+--------+-----+--------+

Top non-repeatable levels by time:
     D:1: 151 daAuts
